[Event "FIDE Women's Grand Swiss 2023"]
[Site "Villa Marina, Douglas, Isle of Man, Isle Of Man"]
[Date "2023.10.29"]
[Round "5.22"]
[White "Cramling, Pia"]
[Black "Lee, Alice"]
[Result "1-0"]
[TimeControl "40/90 + 30 + 30s/move"]
[WhiteFideId "1700030"]
[BlackFideId "30941822"]
[WhiteElo "2446"]
[BlackElo "2388"]

1. Nf3 d5 2. c4 dxc4 3. e3 Nf6 4. Bxc4 e6 5. O-O a6 6. Qe2 c5 7. Rd1 b5 8. Bb3 Bb7 9. a4 Nbd7 10.
axb5 axb5 11. Rxa8 Qxa8 12. Qxb5 Bxf3 13. gxf3 Qxf3 14. Qf1 g5 15. d3 Bd6 16. Qg2 Qh5 17. Nd2 g4 18. Nc4 Bc7 19.
Bd2 Ke7 20. Ra1 Qg6 21. Bc2 Nd5 22. Ra7 Rc8 23. Ba5 Qg8 24. Bxc7 Rxc7 25. Rxc7 Nxc7 26. Qc6 Kd8 27. Ba4 Qe8 28.
Qb7 Nd5 29. Nd6 1-0

[Event "FIDE Women's Grand Swiss 2023"]
[Site "Villa Marina, Douglas, Isle of Man, Isle Of Man"]
[Date "2023.10.29"]
[Round "5.23"]
[White "Matnadze Bujiashvili, Ann"]
[Black "Danielian, Elina"]
[Result "0-1"]
[TimeControl "40/90 + 30 + 30s/move"]
[WhiteFideId "13601377"]
[BlackFideId "13300210"]
[WhiteElo "2400"]
[BlackElo "2416"]

1. Nf3 Nf6 2. c4 e6 3. g3 b6 4. Bg2 Bb7 5. d4 Bb4+ 6. Nbd2 O-O 7. O-O d5 8. Ne5 Nbd7 9. Qa4 Bd6 10.
cxd5 exd5 11. Ndc4 Bxe5 12. Nxe5 Nxe5 13. dxe5 Ne4 14. Bf4 Qe7 15. h4 h6 16. Rad1 Rfd8 17. f3 Nc5 18. Qa3 a5 19.
Rd2 d4 20. h5 Qe8 21. g4 Ne6 22. Bg3 c5 23. f4 Bxg2 24. Kxg2 c4 25. Qf3 Rac8 26. g5 c3 27. bxc3 dxc3 28.
Rxd8 Qxd8 29. gxh6 c2 30. Qe3 Qd1 31. Qc1 Qxe2+ 32. Rf2 Qd1 33. Rf1 Rd8 34. h7+ Kh8 35. f5 Rd2+ 36. Bf2 Nf4+ 37.
Kh2 Qxh5+ 0-1

[Event "FIDE Women's Grand Swiss 2023"]
[Site "Villa Marina, Douglas, Isle of Man, Isle Of Man"]
[Date "2023.10.29"]
[Round "5.24"]
[White "Arakhamia-Grant, Ketevan"]
[Black "Nassr, Lina"]
[Result "1-0"]
[TimeControl "40/90 + 30 + 30s/move"]
[WhiteFideId "13600168"]
[BlackFideId "7908075"]
[WhiteElo "2297"]
[BlackElo "2066"]

1. e4 c5 2. Nf3 e6 3. d4 cxd4 4. Nxd4 Nf6 5. Nc3 Nc6 6. a3 d5 7. Bb5 Qc7 8. exd5 Nxd5 9. Nxd5 exd5 10.
O-O Be7 11. Bf4 Qd7 12. Re1 a6 13. Bxc6 bxc6 14. Bg5 f6 15. Qh5+ g6 16. Qe2 Kf7 17. Nxc6 Re8 18. Nxe7 Rxe7 19.
Qf3 Rxe1+ 20. Rxe1 Qf5 21. Qe3 Be6 22. Bf4 Re8 23. Qa7+ Re7 24. Qd4 Qxc2 25. Bd6 Rd7 26. Bb4 Qc6 27.
h3 Rc7 28. Qe3 g5 29. Qd3 Kg7 30. Bc3 Bf7 31. Qe3 h6 32. h4 Kh7 33. Qd4 Kg7 34. Re3 Qd6 35. hxg5 hxg5 36. Rf3 Rc6 37.
Qd2 Qe7 38. Qxg5+ Bg6 39. Qd2 Qf7 40. Rh3 Kg8 41. Qf4 Re6 42. Rg3 Kg7 43. Bd2 f5 44. Bc3+ Kf8 45. Qb8+ Qe8 46. Qc7 Qf7 47.
Qd8+ Qe8 48. Qxd5 Qf7 49. Qd8+ Qe8 50. Qd4 Qf7 51. Rh3 Ke7 52. Bb4+ 1-0

[Event "FIDE Women's Grand Swiss 2023"]
[Site "Villa Marina, Douglas, Isle of Man, Isle Of Man"]
[Date "2023.10.29"]
[Round "5.25"]
[White "Gomez Barrera, Javiera Belen"]
[Black "Kanyamarala, Trisha"]
[Result "1/2-1/2"]
[TimeControl "40/90 + 30 + 30s/move"]
[WhiteFideId "3418723"]
[BlackFideId "45004722"]
[WhiteElo "2266"]
[BlackElo "2184"]

1. e4 c5 2. Nf3 d6 3. d4 cxd4 4. Nxd4 Nf6 5. Nc3 a6 6. Be3 e5 7. Nb3 Be6 8. h3 Nbd7 9. g4 h6 10.
Qd2 b5 11. a3 Rc8 12. O-O-O Bxb3 13. cxb3 Nxe4 14. Qc2 Nxc3 15. bxc3 Qc7 16. Kb2 Be7 17. Bg2 O-O 18. h4 a5 19.
g5 h5 20. g6 Nf6 21. Rc1 b4 22. gxf7+ Rxf7 23. cxb4 Qxc2+ 24. Rxc2 Rxc2+ 25. Kxc2 axb4 26. axb4 d5 27. b5 Rf8 28.
Rd1 d4 29. Bg5 Bc5 30. Ra1 Ng4 1/2-1/2